 Dungeon Crawl Stone Soup version 0.22-a0-348-gd16d1391c7 (webtiles) character file.

778 Laan the Magician (level 7, -2/46 HPs)
             Began as a Mummy Fire Elementalist on Apr 8, 2018.
             Shot with an arrow by a centaur (5 damage)
             ... on level 5 of the Dungeon.
             The game lasted 00:10:28 (5648 turns).

Laan the Magician (Mummy Fire Elementalist)         Turns: 5648, Time: 00:10:29

Health: -2/46      AC:  2    Str: 12    XL:     7   Next: 54%
Magic:  1/16       EV: 12    Int: 16    God:
Gold:   146        SH:  0    Dex: 12    Spells: 5/18 levels left

rFire    . . .     SeeInvis +   n - +3 quarterstaff (protect)
rCold    . . .     Gourm    .   (shield currently unavailable)
rNeg     + + +     Faith    .   a - +0 robe
rPois    ∞         Spirit   .   (no helmet)
rElec    .         Reflect  .   (no cloak)
rCorr    .         Harm     .   (no gloves)
MR       .....                  (no boots)
Stlth    ++........             (no amulet)
HPRegen  0.15/turn              i - ring of fire
MPRegen  0.15/turn              l - ring of see invisible

@: very slightly contaminated
A: no food or potions, fire vulnerability, cold resistance 1, negative energy
resistance 3, torment resistance, unbreathing
a: no special abilities


You were on level 5 of the Dungeon.
You were not hungry.

You visited 1 branch of the dungeon, and saw 5 of its levels.

You collected 146 gold pieces.

Inventory:

Hand Weapons
 k - a +0 dagger of speed
 n - a +3 quarterstaff of protection (weapon)
Armour
 a - a +0 robe (worn)
Jewellery
 i - a ring of fire (left hand)
 l - a ring of see invisible (right hand)
 p - an uncursed ring of fire
Wands
 e - a wand of paralysis (1)
Scrolls
 b - a scroll of amnesia {unknown}
 c - 3 scrolls of teleportation {unknown}
 d - 3 scrolls of random uselessness
 f - a scroll of enchant weapon
 g - a scroll of fear {unknown}
 h - a scroll of noise {unknown}
 j - 2 scrolls of immolation {unknown}
 m - 2 scrolls of identify {unknown}
 o - 4 scrolls of remove curse {unknown}


   Skills:
 - Level 1.5 Dodging
 - Level 1.5 Stealth
 + Level 6.3 Spellcasting
 * Level 5.7 Conjurations
 - Level 2.4 Fire Magic


You had 5 spell levels left.
You knew the following spells:

 Your Spells              Type           Power        Failure   Level  Hunger
a - Flame Tongue          Conj/Fire      ####.        2%          1    N/A
b - Conjure Flame         Conj/Fire      ####....     8%          3    N/A
c - Sticky Flame          Conj/Fire      ####....     24%         4    N/A
d - Fireball              Conj/Fire      ####......   56%         5    N/A

Dungeon Overview and Level Annotations

Branches:
Dungeon (5/15)
 Temple: D:4-7

Altars:
Ashenzari
Okawaru
Yredelemnul

Shops:
D:4 (


Innate Abilities, Weirdness & Mutations

You do not eat or drink.
Your flesh is vulnerable to fire.
You are immune to poison.
Your flesh is cold resistant. (rC+)
You are immune to negative energy. (rN+++)
You are immune to unholy pain and torment.
You can survive without breathing.


Message History

Fire whirls out from your hands!
A fire vortex comes into view.
The centaur hits you.
* * * LOW HITPOINT WARNING * * *
The centaur hits you.
* * * LOW HITPOINT WARNING * * *
The centaur wields an uncursed shortbow.
The centaur shoots an arrow.
The arrow hits you.
* * * LOW HITPOINT WARNING * * *
You see here an arrow.
You can't drink.
As you read the scroll labeled ZUFO LIAHE, it crumbles to dust.
It is a scroll of enchant weapon.
Your +2 quarterstaff of protection glows red for a moment.
The centaur shoots an arrow.
The arrow closely misses you.
As you read the scroll labeled BAEGI XYOREANN, it crumbles to dust.
You hear a very strange noise indeed.
It was a scroll of random uselessness.
The centaur shoots an arrow.
The arrow hits you.
You die...

.#............ ##.#
..!......#.#.## #...#
#....#.......# #...#
##......##..#.. #...#
#........#.....
#####...####.##<..#...#...
#............#......#.....
................#.#.#.....
#...v..c.@..(#.##.#.###...
##.#...#(##.#.#..#.# #...
#...#)##......#.# #...
#...#.####......# #...
#...#.# ###.#### #.##
.......# #.# ###.##
#.......# ####.####.....
........####.......#.#.##
....................#.#.#


You could see a fire vortex and a centaur.

Vanquished Creatures
  An orc warrior (D:3)
  An ogre (D:5)
  A bullfrog (D:4)
  A scorpion (D:4)
  2 crimson imps
  A centaur skeleton (D:4)
  An orc wizard (D:3)
  Natasha (thrice) (D:3)
  2 worker ants (D:4)
  A hound skeleton (D:4)
  9 adders
  A shadow imp (D:5)
  3 oozes
  2 adder skeletons (D:4)
  3 worms (D:3)
  2 dart slugs (D:1)
  3 leopard geckos
  8 orcs
  3 ball pythons
  6 bats
  3 giant cockroaches
  15 hobgoblins
  5 jackals
  5 quokkas
  5 frilled lizards
  11 goblins
  10 kobolds
  5 rats
113 creatures vanquished.

Notes
Turn   | Place    | Note
-------+----------+-------------------------------------------
     0 | D:1      | Laan the Mummy Fire Elementalist began the quest for the Orb.
     0 | D:1      | Reached XP level 1. HP: 13/13 MP: 4/4
    43 | D:1      | Reached skill level 1 in Conjurations
   303 | D:1      | Reached skill level 3 in Spellcasting
   328 | D:1      | Reached XP level 2. HP: 19/19 MP: 3/6
   920 | D:1      | Reached XP level 3. HP: 21/24 MP: 2/7
   961 | D:1      | Learned a level 3 spell: Conjure Flame
  1752 | D:2      | Reached XP level 4. HP: 21/30 MP: 3/9
  2008 | D:2      | Found a shattered altar of Ashenzari.
  2405 | D:3      | Reached skill level 4 in Spellcasting
  2677 | D:3      | Reached XP level 5. HP: 35/35 MP: 8/11
  2791 | D:3      | Noticed Natasha
  2796 | D:3      | Killed Natasha
  3439 | D:3      | Noticed Natasha
  3492 | D:3      | Killed Natasha
  3494 | D:3      | Reached XP level 6. HP: 29/41 MP: 6/13
  3584 | D:3      | Noticed an orc warrior
  3752 | D:3      | Noticed Natasha
  3757 | D:3      | Killed Natasha
  3757 | D:3      | Reached skill level 5 in Spellcasting
  3880 | D:3      | Killed an orc warrior
  4284 | D:3      | Learned a level 4 spell: Sticky Flame
  4290 | D:3      | Learned a level 5 spell: Fireball
  4508 | D:4      | Found an iron altar of Okawaru.
  4512 | D:4      | Reached skill level 5 in Conjurations
  4638 | D:4      | Reached XP level 7. HP: 46/46 MP: 11/15
  4873 | D:4      | Found Vugh's Antique Weapon Boutique.
  5072 | D:4      | Found a basalt altar of Yredelemnul.
  5155 | D:4      | Reached skill level 6 in Spellcasting
  5460 | D:5      | Entered Level 5 of the Dungeon
  5648 | D:5      | Shot with an arrow by a centaur

Vault maps used:
D:1:      sevenhm_arrival_forest_fort_small_6
D:2:      ashenzari_altar_1
D:3:      cheibrodos_sewer_entry_bend, uniq_natasha
D:4:      kennysheep_mini_moat, okawaru_trees_2, serial_shops, shop,
          first_ration, minmay_liquid_box
D:5:      fedhas_bush_and_centaur_altar, minmay_misc_feat_four_crosses

Skill      XL: |  1  2  3  4  5  6  7 |
---------------+----------------------+-----
Conjurations   | 1 2 3 4 5 |  5.7
Spellcasting   | 3 4 5 6 |  6.3
Dodging        | |  1.5
Stealth        | |  1.5
Fire Magic     | |  2.4

Action                   |  1- 3 |  4- 6 |  7- 9 || total
-------------------------+-------+-------+-------++-------
Melee: Unarmed           |     7 |       |       ||     7
       Dagger            |       |    55 |       ||    55
       Quarterstaff      |       |       |     9 ||     9
 Cast: Flame Tongue      |    75 |   151 |    46 ||   272
       Conjure Flame     |       |     2 |     1 ||     3
       Sticky Flame      |       |       |     1 ||     1
Evoke: Wand              |       |     9 |       ||     9
  Use: Scroll            |       |       |     2 ||     2
 Stab: Paralysed         |       |    17 |       ||    17
Armor: Robe              |     7 |     6 |     9 ||    22
Dodge: Dodged            |    25 |    46 |    19 ||    90

Table legend:
 A = Spawn XP
 B = Non-spawn XP
 C = Spawn XP percentage of total XP
 D = Spawn monster count
 E = Non-spawn monster count
 F = Spawn count percentage of total count
 G = Total turns spent on level
                    A         B        C        D         E        F      G
               +---------+---------+-------+---------+---------+-------+---------
         Total |       0 |    1112 |   0.0 |       0 |     113 |   0.0 |  5648
               +---------+---------+-------+---------+---------+-------+---------
           D:1 |       0 |      56 |   0.0 |       0 |      26 |   0.0 |  1348
           D:2 |       0 |      73 |   0.0 |       0 |      28 |   0.0 |  1282
           D:3 |       0 |     457 |   0.0 |       0 |      38 |   0.0 |  1661
           D:4 |       0 |     322 |   0.0 |       0 |      15 |   0.0 |  1169
           D:5 |       0 |     204 |   0.0 |       0 |       6 |   0.0 |   188
               +---------+---------+-------+---------+---------+-------+---------
